2445 views
Uploaded 2024-03-16 02:30:18
Game version 1.36 (6115)
35:09 long 3on3 ladder game on (6)UpperKingdom
Saved by GIGA
2445 views
Uploaded 2024-03-16 02:30:18
Game version 1.36 (6115)
35:09 long 3on3 ladder game on (6)UpperKingdom


118 units @ 11.3k
/ 1.6k
147 buildings @ 13.9k
/ 7.5k
GIGA
(207)
(35:01) : 
| Healing Salve | 2 | 200 |
| Lesser Clarity Potion | 5 | 350 |
| Scroll of Speed | 1 | 50 |
| Orb of Lightning | 1 | 375 |
| Potion of Mana | 2 | 400 |
| total: | 11 | 1375g |
| Peon | 40 | 3000 | / | 0 |
| Troll Witch Doctor | 7 | 1015 | / | 175 |
| Kodo Beast | 2 | 510 | / | 120 |
| total: | 49 | 4525g | / | 295w |
| Watch Tower | 22 | 2420 | / | 1760 |
| Altar of Storms | 1 | 180 | / | 50 |
| Orc Burrow | 4 | 640 | / | 160 |
| Voodoo Lounge | 1 | 130 | / | 30 |
| War Mill | 1 | 205 | / | 0 |
| Great Hall | 10 | 3850 | / | 1850 |
| Spirit Lodge | 1 | 150 | / | 150 |
| Beastiary | 1 | 145 | / | 140 |
| Stronghold | 1 | 315 | / | 190 |
| Fortress | 1 | 325 | / | 190 |
| total: | 41 | 7720g | / | 4140w |
| 0:03 | Peon |
| 0:03 | Peon |
| 0:06 | Altar of Storms |
| 0:09 | Orc Burrow |
| 0:35 | Peon |
| 0:35 | Peon |
| 0:44 | Peon |
| 0:57 | Voodoo Lounge |
| 1:08 | War Mill |
| 1:19 | Peon |
| 1:28 | Peon |
| 1:36 | Peon |
| 1:46 | Orc Burrow |
| 1:55 | Peon |
| 2:12 | Healing Salve |
| 2:12 | Lesser Clarity Potion |
| 2:15 | Wind Walk |
| 2:37 | Storm Bolt |
| 2:48 | Peon |
| 2:48 | Peon |
| 2:49 | Peon |
| 2:49 | Peon |
| 2:49 | Peon |
| 3:20 | Peon |
| 3:27 | Healing Salve |
| 3:27 | Lesser Clarity Potion |
| 3:30 | Scroll of Speed |
| 4:58 | Stronghold |
| 5:00 | Spiked Barricades |
| 5:10 | Bash |
| 5:11 | Bash |
| 5:13 | Critical Strike |
| 5:52 | Watch Tower |
| 5:52 | Watch Tower |
| 5:53 | Watch Tower |
| 5:54 | Watch Tower |
| 5:56 | Watch Tower |
| 5:56 | Watch Tower |
| 7:04 | Watch Tower |
| 7:05 | Watch Tower |
| 7:06 | Watch Tower |
| 7:22 | Fortress |
| 7:25 | Spirit Lodge |
| 7:26 | Reinforced Defenses |
| 9:07 | Watch Tower |
| 9:10 | Watch Tower |
| 9:10 | Watch Tower |
| 9:21 | Witch Doctor Adept Training |
| 10:16 | Orb of Lightning |
| 10:51 | Wind Walk |
| 11:29 | Watch Tower |
| 11:30 | Watch Tower |
| 11:32 | Watch Tower |
| 11:34 | Witch Doctor Master Training |
| 11:35 | Troll Witch Doctor |
| 11:35 | Troll Witch Doctor |
| 11:36 | Troll Witch Doctor |
| 12:09 | Storm Bolt |
| 12:10 | Storm Bolt |
| 12:45 | Watch Tower |
| 12:46 | Watch Tower |
| 12:48 | Watch Tower |
| 12:54 | Orc Burrow |
| 14:52 | Watch Tower |
| 14:53 | Watch Tower |
| 15:34 | Great Hall |
| 15:41 | Great Hall |
| 16:00 | Improved Spiked Barricades |
| 16:05 | Watch Tower |
| 16:06 | Watch Tower |
| 16:26 | Lesser Clarity Potion |
| 17:28 | Critical Strike |
| 17:48 | Great Hall |
| 18:08 | Critical Strike |
| 20:19 | Bladestorm |
| 21:15 | Peon |
| 21:15 | Peon |
| 21:15 | Peon |
| 21:15 | Peon |
| 21:15 | Peon |
| 21:15 | Peon |
| 21:34 | Peon |
| 21:34 | Peon |
| 21:35 | Peon |
| 21:35 | Peon |
| 22:42 | Great Hall |
| 22:48 | Peon |
| 22:55 | Great Hall |
| 23:01 | Great Hall |
| 23:07 | Peon |
| 24:26 | Potion of Mana |
| 24:28 | Lesser Clarity Potion |
| 25:28 | Peon |
| 25:28 | Peon |
| 25:28 | Peon |
| 25:29 | Peon |
| 25:36 | Great Hall |
| 27:11 | Wind Walk |
| 27:17 | Potion of Mana |
| 27:19 | Lesser Clarity Potion |
| 28:02 | Peon |
| 28:03 | Peon |
| 28:03 | Peon |
| 28:03 | Peon |
| 29:48 | Mirror Image |
| 30:20 | Beastiary |
| 30:22 | Orc Burrow |
| 30:33 | Peon |
| 30:34 | Peon |
| 30:40 | Great Hall |
| 30:45 | Peon |
| 30:49 | Peon |
| 30:55 | Great Hall |
| 31:45 | Peon |
| 31:49 | Great Hall |
| 32:43 | Troll Witch Doctor |
| 32:43 | Troll Witch Doctor |
| 32:43 | Troll Witch Doctor |
| 32:43 | Troll Witch Doctor |
| 32:46 | War Drums Damage Increase |
| 32:47 | Kodo Beast |
| 32:47 | Kodo Beast |
| 34:21 | Mirror Image |
| Right click | 1820 |
| Select group | 322 |
| Select | 281 |
| Build/train/purchase | 136 |
| Resource trade | 70 |
| Use ability | 31 |
| Minimap ping | 13 |
| Misc. action | 9 |
| Item give/drop | 8 |
| Assign group | 5 |
| Esc | 2 |


| Peasant | 16 | 1200 | / | 0 |
| Mortar Team | 4 | 720 | / | 280 |
| Flying Machine | 31 | 3100 | / | 930 |
| Dragonhawk Rider | 1 | 200 | / | 30 |
| total: | 52 | 5220g | / | 1240w |
| Scout Tower | 16 | 480 | / | 320 |
| Arcane Tower | 2 | 140 | / | 100 |
| Guard Tower | 7 | 490 | / | 350 |
| Altar of Kings | 1 | 180 | / | 50 |
| Lumber Mill | 2 | 240 | / | 0 |
| Farm | 13 | 1040 | / | 260 |
| Town Hall | 1 | 385 | / | 205 |
| Blacksmith | 1 | 140 | / | 60 |
| Arcane Vault | 1 | 130 | / | 30 |
| Workshop | 3 | 420 | / | 420 |
| Gryphon Aviary | 1 | 140 | / | 150 |
| Keep | 1 | 320 | / | 210 |
| Castle | 1 | 360 | / | 210 |
| total: | 39 | 3155g | / | 1495w |
| 0:03 | Peasant |
| 0:06 | Altar of Kings |
| 0:07 | Peasant |
| 0:21 | Lumber Mill |
| 0:25 | Farm |
| 0:26 | Peasant |
| 0:33 | Peasant |
| 0:46 | Peasant |
| 0:56 | Farm |
| 1:05 | Peasant |
| 1:23 | Peasant |
| 1:39 | Scout Tower |
| 1:40 | Peasant |
| 1:43 | Improved Lumber Harvesting |
| 1:44 | Improved Masonry |
| 2:05 | Peasant |
| 2:06 | Arcane Tower |
| 2:15 | Peasant |
| 2:19 | Peasant |
| 2:23 | Storm Bolt |
| 2:55 | Peasant |
| 2:57 | Scout Tower |
| 2:59 | Peasant |
| 3:14 | Town Hall |
| 3:17 | Scout Tower |
| 3:20 | Scout Tower |
| 3:23 | Scout Tower |
| 3:30 | Peasant |
| 3:38 | Guard Tower |
| 3:46 | Arcane Tower |
| 4:05 | Guard Tower |
| 4:46 | Keep |
| 4:48 | Farm |
| 4:52 | Blacksmith |
| 5:01 | Scout Tower |
| 5:26 | Guard Tower |
| 5:30 | Farm |
| 5:44 | Guard Tower |
| 6:09 | Scout Tower |
| 6:11 | Black Gunpowder |
| 6:38 | Scout Tower |
| 6:40 | Scout Tower |
| 6:42 | Guard Tower |
| 7:13 | Workshop |
| 7:17 | Workshop |
| 7:19 | Workshop |
| 7:21 | Castle |
| 7:23 | Refined Gunpowder |
| 7:26 | Guard Tower |
| 7:29 | Scout Tower |
| 7:36 | Peasant |
| 7:51 | Peasant |
| 8:02 | Guard Tower |
| 8:12 | Advanced Masonry |
| 8:14 | Advanced Lumber Harvesting |
| 8:23 | Flak Cannons |
| 8:23 | Flare |
| 8:24 | Mortar Team |
| 8:33 | Mortar Team |
| 8:57 | Iron Plating |
| 9:42 | Flying Machine |
| 9:42 | Flying Machine |
| 9:42 | Flying Machine |
| 9:43 | Flying Machine |
| 9:43 | Flying Machine |
| 9:43 | Flying Machine |
| 9:43 | Flying Machine |
| 9:46 | Flying Machine Bombs |
| 9:46 | Fragmentation Shards |
| 9:54 | Arcane Vault |
| 9:59 | Gryphon Aviary |
| 11:03 | Farm |
| 11:04 | Farm |
| 11:07 | Flying Machine |
| 11:08 | Flying Machine |
| 11:08 | Flying Machine |
| 11:08 | Flying Machine |
| 11:08 | Flying Machine |
| 11:09 | Flying Machine |
| 11:09 | Flying Machine |
| 11:28 | Flying Machine |
| 11:52 | Imbued Masonry |
| 12:01 | Scout Tower |
| 12:02 | Scout Tower |
| 12:03 | Scout Tower |
| 12:03 | Scout Tower |
| 12:12 | Flying Machine |
| 12:23 | Flying Machine |
| 12:24 | Flying Machine |
| 12:25 | Imbued Gunpowder |
| 12:32 | Farm |
| 12:41 | Farm |
| 12:43 | Farm |
| 12:48 | Farm |
| 12:52 | Farm |
| 13:28 | Holy Light |
| 13:44 | Flying Machine |
| 13:53 | Lumber Mill |
| 14:03 | Farm |
| 14:05 | Farm |
| 14:38 | Flying Machine |
| 14:45 | Steel Plating |
| 14:53 | Cloud |
| 14:53 | Dragonhawk Rider |
| 15:30 | Flying Machine |
| 15:30 | Flying Machine |
| 18:19 | Scout Tower |
| 18:20 | Scout Tower |
| 19:28 | Divine Shield |
| 19:30 | Divine Shield |
| 19:34 | Bash |
| 19:35 | Bash |
| 25:00 | Mortar Team |
| 25:01 | Mortar Team |
| 25:07 | Flying Machine |
| 25:07 | Flying Machine |
| 25:07 | Flying Machine |
| 30:13 | Storm Bolt |
| 30:16 | Storm Bolt |
| 30:17 | Holy Light |
| 30:18 | Divine Shield |
| 32:26 | Flying Machine |
| 32:26 | Flying Machine |
| 32:27 | Flying Machine |
| 32:27 | Flying Machine |
| 32:27 | Flying Machine |
| 32:27 | Flying Machine |
| 33:10 | Divine Shield |
| 33:10 | Holy Light |
| 34:21 | Avatar |
| 34:28 | Avatar |
| Right click | 1016 |
| Select group | 726 |
| Select | 319 |
| Misc. action | 139 |
| Build/train/purchase | 113 |
| Use ability | 72 |
| Minimap ping | 19 |
| Assign group | 13 |

| Peasant | 15 | 1125 | / | 0 |
| Dragonhawk Rider | 2 | 400 | / | 60 |
| total: | 17 | 1525g | / | 60w |
| Scout Tower | 55 | 1650 | / | 1100 |
| Arcane Tower | 13 | 910 | / | 650 |
| Guard Tower | 28 | 1960 | / | 1400 |
| Altar of Kings | 1 | 180 | / | 50 |
| Farm | 5 | 400 | / | 100 |
| Lumber Mill | 1 | 120 | / | 0 |
| Arcane Vault | 1 | 130 | / | 30 |
| Gryphon Aviary | 3 | 420 | / | 450 |
| Arcane Sanctum | 1 | 150 | / | 140 |
| Keep | 1 | 320 | / | 210 |
| Castle | 1 | 360 | / | 210 |
| total: | 67 | 3050g | / | 1870w |
| 0:03 | Altar of Kings |
| 0:09 | Farm |
| 0:10 | Peasant |
| 0:16 | Peasant |
| 0:33 | Peasant |
| 0:44 | Peasant |
| 0:44 | Peasant |
| 0:49 | Lumber Mill |
| 0:52 | Peasant |
| 1:12 | Scout Tower |
| 1:13 | Peasant |
| 1:36 | Peasant |
| 1:40 | Arcane Tower |
| 1:52 | Improved Lumber Harvesting |
| 1:55 | Improved Masonry |
| 1:58 | Peasant |
| 2:03 | Farm |
| 2:10 | Scout Tower |
| 2:17 | Advanced Lumber Harvesting |
| 2:28 | Peasant |
| 2:42 | Peasant |
| 2:51 | Farm |
| 2:53 | Scout Tower |
| 3:11 | Scout Tower |
| 3:12 | Scout Tower |
| 3:12 | Scout Tower |
| 3:15 | Peasant |
| 3:35 | Peasant |
| 3:35 | Peasant |
| 3:39 | Guard Tower |
| 3:41 | Guard Tower |
| 3:41 | Guard Tower |
| 3:43 | Scout Tower |
| 3:44 | Scout Tower |
| 3:45 | Scout Tower |
| 3:58 | Guard Tower |
| 4:12 | Scout Tower |
| 4:12 | Scout Tower |
| 4:19 | Scout Tower |
| 4:21 | Scout Tower |
| 4:23 | Guard Tower |
| 4:24 | Guard Tower |
| 4:34 | Scout Tower |
| 4:41 | Guard Tower |
| 4:43 | Scout Tower |
| 4:52 | Guard Tower |
| 4:53 | Guard Tower |
| 4:55 | Scout Tower |
| 4:56 | Scout Tower |
| 5:02 | Guard Tower |
| 5:17 | Arcane Tower |
| 5:20 | Scout Tower |
| 5:20 | Scout Tower |
| 5:21 | Scout Tower |
| 5:28 | Peasant |
| 5:32 | Scout Tower |
| 5:34 | Guard Tower |
| 5:37 | Scout Tower |
| 5:46 | Scout Tower |
| 5:47 | Scout Tower |
| 5:50 | Guard Tower |
| 6:02 | Guard Tower |
| 6:04 | Scout Tower |
| 6:07 | Scout Tower |
| 6:10 | Scout Tower |
| 6:12 | Guard Tower |
| 6:15 | Keep |
| 6:21 | Scout Tower |
| 6:21 | Scout Tower |
| 6:26 | Arcane Tower |
| 6:33 | Guard Tower |
| 6:36 | Arcane Tower |
| 6:38 | Scout Tower |
| 6:45 | Scout Tower |
| 6:46 | Scout Tower |
| 6:55 | Arcane Tower |
| 6:59 | Guard Tower |
| 7:14 | Arcane Tower |
| 7:17 | Scout Tower |
| 7:18 | Scout Tower |
| 7:25 | Guard Tower |
| 7:39 | Guard Tower |
| 7:56 | Arcane Tower |
| 8:01 | Scout Tower |
| 8:01 | Scout Tower |
| 8:03 | Scout Tower |
| 8:04 | Scout Tower |
| 8:05 | Guard Tower |
| 8:08 | Scout Tower |
| 8:58 | Advanced Masonry |
| 9:10 | Scout Tower |
| 9:13 | Scout Tower |
| 9:14 | Guard Tower |
| 9:33 | Arcane Tower |
| 9:50 | Castle |
| 9:56 | Arcane Tower |
| 10:03 | Guard Tower |
| 10:06 | Scout Tower |
| 10:10 | Scout Tower |
| 10:17 | Scout Tower |
| 10:22 | Scout Tower |
| 10:35 | Guard Tower |
| 10:37 | Scout Tower |
| 10:51 | Guard Tower |
| 10:53 | Arcane Tower |
| 10:57 | Scout Tower |
| 11:00 | Scout Tower |
| 11:02 | Guard Tower |
| 11:08 | Guard Tower |
| 11:10 | Scout Tower |
| 11:18 | Holy Light |
| 11:33 | Arcane Tower |
| 11:36 | Scout Tower |
| 11:37 | Scout Tower |
| 11:53 | Guard Tower |
| 11:57 | Scout Tower |
| 12:03 | Scout Tower |
| 12:04 | Scout Tower |
| 12:09 | Arcane Tower |
| 12:13 | Imbued Masonry |
| 12:28 | Gryphon Aviary |
| 12:30 | Arcane Vault |
| 12:34 | Gryphon Aviary |
| 12:47 | Arcane Tower |
| 12:53 | Scout Tower |
| 12:55 | Guard Tower |
| 13:28 | Gryphon Aviary |
| 13:51 | Farm |
| 14:06 | Guard Tower |
| 14:45 | Cloud |
| 14:46 | Dragonhawk Rider |
| 14:47 | Dragonhawk Rider |
| 14:50 | Farm |
| 15:52 | Arcane Sanctum |
| 19:01 | Magic Sentry |
| Right click | 1225 |
| Select group | 1106 |
| Select | 313 |
| Build/train/purchase | 80 |
| Assign group | 19 |
| Chat | 17 |
| Use ability | 11 |
| Resource trade | 9 |
| Minimap ping | 7 |
| Misc. action | 3 |
| Remove unit | 2 |
189 units @ 24.1k
/ 3.2k
115 buildings @ 15.6k
/ 7.2k


| Wisp | 26 | 1560 | / | 0 |
| Archer | 15 | 1950 | / | 150 |
| Dryad | 4 | 580 | / | 240 |
| Druid of the Claw | 3 | 765 | / | 240 |
| total: | 48 | 4855g | / | 630w |
| Ancient Protector | 6 | 810 | / | 480 |
| Altar of Elders | 1 | 180 | / | 50 |
| Moon Well | 18 | 3240 | / | 720 |
| Ancient of War | 4 | 600 | / | 240 |
| Hunter's Hall | 1 | 210 | / | 100 |
| Tree of Life | 4 | 1360 | / | 740 |
| Ancient of Lore | 2 | 310 | / | 290 |
| Tree of Ages | 1 | 320 | / | 180 |
| Tree of Eternity | 1 | 330 | / | 200 |
| total: | 36 | 6710g | / | 2620w |
| 0:03 | Wisp |
| 0:03 | Wisp |
| 0:07 | Altar of Elders |
| 0:11 | Moon Well |
| 0:26 | Wisp |
| 0:35 | Ancient of War |
| 0:39 | Wisp |
| 0:53 | Wisp |
| 1:01 | Wisp |
| 1:14 | Wisp |
| 1:20 | Wisp |
| 1:30 | Moon Well |
| 1:37 | Archer |
| 1:44 | Wisp |
| 1:58 | Wisp |
| 2:12 | Force of Nature |
| 2:38 | Wisp |
| 2:41 | Hunter's Hall |
| 2:55 | Wisp |
| 3:37 | Tree of Life |
| 3:42 | Ancient of War |
| 3:47 | Archer |
| 3:51 | Ancient Protector |
| 3:59 | Ancient Protector |
| 4:06 | Wisp |
| 4:06 | Wisp |
| 4:26 | Moon Well |
| 4:47 | Entangling Roots |
| 4:50 | Tree of Ages |
| 5:15 | Moon Well |
| 5:20 | Archer |
| 5:37 | Archer |
| 6:01 | Wisp |
| 6:01 | Wisp |
| 6:01 | Wisp |
| 6:01 | Wisp |
| 6:02 | Wisp |
| 6:35 | Archer |
| 6:49 | Archer |
| 6:59 | Moon Well |
| 7:27 | Wisp |
| 7:27 | Wisp |
| 7:27 | Wisp |
| 7:40 | Thorns Aura |
| 7:49 | Ancient of Lore |
| 7:56 | Ancient of Lore |
| 8:00 | Ancient Protector |
| 8:02 | Wisp |
| 8:02 | Wisp |
| 8:02 | Wisp |
| 8:02 | Wisp |
| 8:11 | Strength of the Wild |
| 8:23 | Scout |
| 8:42 | Moon Well |
| 8:43 | Moon Well |
| 9:02 | Ancient Protector |
| 9:04 | Archer |
| 9:04 | Improved Bows |
| 9:13 | Dryad |
| 9:18 | Tree of Eternity |
| 9:46 | Dryad |
| 9:52 | Archer |
| 10:21 | Reinforced Hides |
| 10:26 | Moon Well |
| 10:36 | Abolish Magic |
| 10:37 | Dryad |
| 10:53 | Searing Arrows |
| 11:04 | Improved Strength of the Wild |
| 11:09 | Archer |
| 11:12 | Druid of the Claw Adept Training |
| 12:02 | Druid of the Claw Master Training |
| 12:03 | Druid of the Claw |
| 12:16 | Marksmanship |
| 12:16 | Archer |
| 13:23 | Mark of the Claw |
| 13:23 | Druid of the Claw |
| 13:36 | Vorpal Blades |
| 14:21 | Druid of the Claw |
| 14:45 | Entangling Roots |
| 14:47 | Trueshot Aura |
| 14:52 | Dryad |
| 16:42 | Ancient Protector |
| 17:35 | Moon Well |
| 17:36 | Moon Well |
| 17:36 | Moon Well |
| 17:37 | Moon Well |
| 17:38 | Moon Well |
| 17:39 | Moon Well |
| 19:17 | Tree of Life |
| 20:19 | Searing Arrows |
| 21:18 | Tree of Life |
| 24:57 | Moon Well |
| 24:58 | Moon Well |
| 24:58 | Moon Well |
| 24:59 | Moon Well |
| 25:12 | Entangling Roots |
| 25:21 | Ancient of War |
| 25:28 | Ancient of War |
| 25:44 | Tree of Life |
| 25:53 | Searing Arrows |
| 26:53 | Archer |
| 26:54 | Archer |
| 26:54 | Archer |
| 27:39 | Archer |
| 27:56 | Archer |
| 31:09 | Ancient Protector |
| Select | 634 |
| Right click | 495 |
| Misc. action | 110 |
| Build/train/purchase | 93 |
| Use ability | 37 |
| Minimap ping | 8 |


| Scroll of Regeneration | 1 | 100 |
| Ivory Tower | 6 | 240 |
| Scroll of Town Portal | 4 | 1400 |
| total: | 11 | 1740g |
| Peasant | 24 | 1800 | / | 0 |
| Footman | 8 | 1080 | / | 0 |
| Knight | 8 | 1960 | / | 480 |
| Priest | 11 | 1485 | / | 110 |
| Flying Machine | 1 | 100 | / | 30 |
| Siege Engine | 10 | 1950 | / | 600 |
| Rifleman | 4 | 820 | / | 120 |
| total: | 66 | 9195g | / | 1340w |
| Scout Tower | 31 | 930 | / | 620 |
| Arcane Tower | 4 | 280 | / | 200 |
| Guard Tower | 12 | 840 | / | 600 |
| Barracks | 2 | 320 | / | 120 |
| Arcane Vault | 1 | 130 | / | 30 |
| Altar of Kings | 1 | 180 | / | 50 |
| Farm | 12 | 960 | / | 240 |
| Lumber Mill | 1 | 120 | / | 0 |
| Town Hall | 3 | 1155 | / | 615 |
| Blacksmith | 1 | 140 | / | 60 |
| Arcane Sanctum | 1 | 150 | / | 140 |
| Workshop | 4 | 560 | / | 560 |
| Keep | 2 | 640 | / | 420 |
| Castle | 2 | 720 | / | 420 |
| total: | 57 | 4645g | / | 2435w |
| 0:06 | Peasant |
| 0:06 | Peasant |
| 0:06 | Peasant |
| 0:06 | Peasant |
| 0:06 | Peasant |
| 0:07 | Peasant |
| 0:20 | Peasant |
| 0:29 | Barracks |
| 0:45 | Arcane Vault |
| 0:59 | Altar of Kings |
| 1:27 | Peasant |
| 1:27 | Peasant |
| 1:27 | Peasant |
| 1:27 | Peasant |
| 1:40 | Farm |
| 1:50 | Farm |
| 2:16 | Lumber Mill |
| 2:30 | Footman |
| 2:30 | Footman |
| 2:34 | Farm |
| 2:49 | Footman |
| 3:11 | Farm |
| 3:17 | Scout Tower |
| 3:23 | Scout Tower |
| 3:25 | Summon Water Elemental |
| 3:35 | Footman |
| 3:40 | Improved Lumber Harvesting |
| 4:06 | Farm |
| 4:10 | Keep |
| 4:32 | Brilliance Aura |
| 4:44 | Arcane Tower |
| 4:48 | Farm |
| 4:50 | Scroll of Regeneration |
| 5:11 | Footman |
| 5:11 | Footman |
| 5:15 | Footman |
| 5:16 | Footman |
| 6:43 | Town Hall |
| 6:49 | Scout Tower |
| 6:52 | Scout Tower |
| 6:57 | Scout Tower |
| 7:02 | Castle |
| 7:05 | Farm |
| 7:08 | Ivory Tower |
| 7:09 | Ivory Tower |
| 7:27 | Blacksmith |
| 7:32 | Scout Tower |
| 7:36 | Scout Tower |
| 7:58 | Farm |
| 8:01 | Guard Tower |
| 8:11 | Guard Tower |
| 8:14 | Arcane Tower |
| 8:16 | Arcane Tower |
| 8:27 | Blizzard |
| 9:03 | Storm Bolt |
| 9:08 | Farm |
| 9:14 | Arcane Sanctum |
| 9:15 | Advanced Lumber Harvesting |
| 9:21 | Long Rifles |
| 9:30 | Peasant |
| 9:30 | Peasant |
| 9:30 | Peasant |
| 9:30 | Peasant |
| 9:30 | Peasant |
| 9:30 | Peasant |
| 9:31 | Peasant |
| 9:44 | Knight |
| 9:55 | Farm |
| 9:59 | Knight |
| 10:33 | Knight |
| 10:36 | Knight |
| 10:54 | Farm |
| 11:08 | Iron Plating |
| 11:10 | Iron Forged Swords |
| 11:16 | Animal War Training |
| 11:21 | Priest Adept Training |
| 11:23 | Magic Sentry |
| 11:26 | Priest |
| 11:26 | Priest |
| 11:26 | Priest |
| 11:44 | Workshop |
| 11:49 | Priest |
| 11:49 | Priest |
| 12:11 | Defend |
| 12:14 | Knight |
| 12:21 | Farm |
| 12:34 | Steel Plating |
| 13:31 | Priest |
| 13:31 | Priest |
| 13:32 | Priest Master Training |
| 13:35 | Knight |
| 13:38 | Barrage |
| 14:00 | Flying Machine |
| 14:03 | Flying Machine Bombs |
| 14:05 | Flak Cannons |
| 14:08 | Siege Engine |
| 14:17 | Barracks |
| 14:25 | Thunder Clap |
| 15:11 | Priest |
| 15:11 | Priest |
| 15:14 | Control Magic |
| 15:18 | Steel Forged Swords |
| 15:19 | Mithril Plating |
| 15:26 | Knight |
| 16:08 | Blizzard |
| 16:15 | Siege Engine |
| 16:15 | Siege Engine |
| 16:15 | Siege Engine |
| 16:15 | Siege Engine |
| 16:54 | Knight |
| 17:16 | Storm Bolt |
| 19:27 | Guard Tower |
| 19:46 | Keep |
| 19:55 | Town Hall |
| 20:10 | Scout Tower |
| 20:15 | Scout Tower |
| 20:18 | Scout Tower |
| 20:29 | Priest |
| 20:30 | Priest |
| 20:56 | Arcane Tower |
| 22:01 | Town Hall |
| 22:06 | Scout Tower |
| 22:09 | Scout Tower |
| 22:48 | Scout Tower |
| 22:52 | Scout Tower |
| 23:32 | Guard Tower |
| 23:41 | Ivory Tower |
| 23:41 | Ivory Tower |
| 23:59 | Castle |
| 24:09 | Workshop |
| 24:21 | Improved Masonry |
| 24:25 | Guard Tower |
| 24:30 | Guard Tower |
| 24:33 | Scout Tower |
| 24:50 | Workshop |
| 24:56 | Workshop |
| 25:06 | Guard Tower |
| 25:10 | Scout Tower |
| 25:21 | Studded Leather Armor |
| 25:22 | Black Gunpowder |
| 25:46 | Scout Tower |
| 25:58 | Peasant |
| 25:58 | Peasant |
| 25:58 | Peasant |
| 25:58 | Peasant |
| 25:58 | Peasant |
| 25:59 | Peasant |
| 26:15 | Scroll of Town Portal |
| 26:19 | Ivory Tower |
| 26:19 | Ivory Tower |
| 26:30 | Siege Engine |
| 26:42 | Guard Tower |
| 26:49 | Scout Tower |
| 26:57 | Rifleman |
| 27:07 | Scout Tower |
| 27:10 | Scout Tower |
| 27:17 | Scout Tower |
| 27:40 | Scout Tower |
| 27:42 | Guard Tower |
| 27:49 | Rifleman |
| 27:50 | Rifleman |
| 27:56 | Guard Tower |
| 28:17 | Scout Tower |
| 28:34 | Siege Engine |
| 28:38 | Guard Tower |
| 29:11 | Scroll of Town Portal |
| 29:36 | Siege Engine |
| 29:45 | Siege Engine |
| 30:20 | Guard Tower |
| 30:26 | Scout Tower |
| 30:32 | Scout Tower |
| 30:37 | Scout Tower |
| 30:39 | Scout Tower |
| 30:41 | Scout Tower |
| 30:44 | Scout Tower |
| 30:55 | Scroll of Town Portal |
| 31:13 | Scroll of Town Portal |
| 31:22 | Siege Engine |
| 31:35 | Rifleman |
| 31:49 | Scout Tower |
| 31:56 | Scout Tower |
| Select | 497 |
| Right click | 424 |
| Build/train/purchase | 147 |
| Misc. action | 95 |
| Use ability | 27 |
| Item give/drop | 2 |
| Minimap ping | 2 |


| Wisp | 33 | 1980 | / | 0 |
| Archer | 19 | 2470 | / | 190 |
| Hippogryph | 12 | 1920 | / | 240 |
| Chimaera | 11 | 3630 | / | 770 |
| total: | 75 | 10000g | / | 1200w |
| Altar of Elders | 2 | 360 | / | 100 |
| Ancient of War | 3 | 450 | / | 180 |
| Moon Well | 8 | 1440 | / | 320 |
| Hunter's Hall | 1 | 210 | / | 100 |
| Tree of Life | 3 | 1020 | / | 555 |
| Ancient of Wind | 2 | 300 | / | 280 |
| Chimaera Roost | 3 | 420 | / | 570 |
| Tree of Ages | 4 | 1280 | / | 720 |
| Tree of Eternity | 4 | 1320 | / | 800 |
| total: | 22 | 4200g | / | 2105w |
| 0:03 | Wisp |
| 0:12 | Altar of Elders |
| 0:13 | Wisp |
| 0:17 | Wisp |
| 0:22 | Ancient of War |
| 0:34 | Moon Well |
| 0:51 | Wisp |
| 1:00 | Wisp |
| 1:09 | Wisp |
| 1:25 | Wisp |
| 1:36 | Wisp |
| 1:39 | Ancient of War |
| 1:57 | Ancient of War |
| 2:00 | Wisp |
| 2:07 | Wisp |
| 2:08 | Archer |
| 2:18 | Wisp |
| 2:27 | Force of Nature |
| 3:34 | Moon Well |
| 4:12 | Entangling Roots |
| 4:25 | Hunter's Hall |
| 4:28 | Tree of Ages |
| 4:29 | Archer |
| 4:31 | Moon Well |
| 4:40 | Archer |
| 4:54 | Tree of Life |
| 5:03 | Archer |
| 5:13 | Archer |
| 5:23 | Archer |
| 5:24 | Archer |
| 5:54 | Archer |
| 5:56 | Archer |
| 6:04 | Strength of the Moon |
| 6:46 | Archer |
| 6:47 | Archer |
| 7:16 | Archer |
| 7:18 | Improved Bows |
| 7:22 | Ancient of Wind |
| 7:51 | Entangling Roots |
| 7:57 | Ancient of Wind |
| 8:00 | Wisp |
| 8:00 | Wisp |
| 8:00 | Wisp |
| 8:00 | Wisp |
| 8:01 | Wisp |
| 8:08 | Tree of Eternity |
| 8:11 | Wisp |
| 9:04 | Hippogryph |
| 9:05 | Hippogryph |
| 9:07 | Improved Strength of the Moon |
| 9:09 | Wisp |
| 9:17 | Ultravision |
| 9:39 | Hippogryph |
| 9:40 | Hippogryph |
| 9:46 | Moon Well |
| 9:46 | Moon Well |
| 11:07 | Force of Nature |
| 11:09 | Hippogryph |
| 11:10 | Hippogryph |
| 11:11 | Hippogryph |
| 11:16 | Wisp |
| 11:16 | Wisp |
| 11:16 | Wisp |
| 11:18 | Wisp |
| 11:19 | Wisp |
| 11:19 | Wisp |
| 11:48 | Moon Well |
| 11:50 | Moon Well |
| 11:55 | Hippogryph |
| 11:58 | Hippogryph |
| 11:59 | Hippogryph |
| 11:59 | Wisp |
| 12:08 | Hippogryph |
| 12:09 | Hippogryph |
| 12:11 | Strength of the Wild |
| 12:39 | Advanced Strength of the Moon |
| 12:41 | Wisp |
| 12:43 | Wisp |
| 12:49 | Moon Well |
| 13:52 | Chimaera Roost |
| 13:55 | Chimaera Roost |
| 14:00 | Chimaera Roost |
| 15:10 | Improved Strength of the Wild |
| 15:29 | Corrosive Breath |
| 15:30 | Chimaera |
| 15:32 | Chimaera |
| 17:08 | Trueshot Aura |
| 17:50 | Chimaera |
| 17:50 | Chimaera |
| 17:50 | Chimaera |
| 18:12 | Tree of Life |
| 18:45 | Tree of Life |
| 18:52 | Archer |
| 18:52 | Archer |
| 18:52 | Archer |
| 18:59 | Chimaera |
| 19:01 | Chimaera |
| 21:24 | Wisp |
| 22:20 | Searing Arrows |
| 22:46 | Chimaera |
| 23:20 | Wisp |
| 23:20 | Wisp |
| 23:20 | Wisp |
| 23:21 | Wisp |
| 24:03 | Tree of Ages |
| 24:09 | Entangling Roots |
| 24:53 | Archer |
| 25:18 | Archer |
| 25:41 | Archer |
| 26:48 | Archer |
| 27:42 | Altar of Elders |
| 27:43 | Wisp |
| 29:12 | Tree of Eternity |
| 29:14 | Chimaera |
| 29:15 | Chimaera |
| 29:17 | Chimaera |
| 31:23 | Tree of Ages |
| Right click | 1075 |
| Select group | 609 |
| Select | 507 |
| Misc. action | 147 |
| Build/train/purchase | 113 |
| Assign group | 55 |
| Use ability | 31 |
| Minimap ping | 29 |
| Resource trade | 9 |
| Esc | 8 |
| Remove unit | 5 |
| Item give/drop | 1 |
⇛